 Dungeon Crawl Stone Soup version 0.30-a0-578-gdee14c521f (webtiles) character file.

Game seed: 18050238104208378767

9465 themarg the Martial Artist (level 11, -4/88 (100) HPs)
             Began as a Gnoll Transmuter on Dec 31, 2022.
             Was an Initiate of Gozag.
             Slain by a spectral orc knight
             ... wielding a +0 battleaxe
             ... summoned by Nergalle
              (15 damage)
             ... on level 11 of the Dungeon.
             The game lasted 00:34:50 (13132 turns).

themarg the Martial Artist (Gnoll Transmuter)      Turns: 13132, Time: 00:34:51

HP:   -4/88 (100)   AC:  8    Str: 10    XL:     11   Next: 46%
MP:   19/23         EV: 12    Int: 17    God:    Gozag
Gold: 1789          SH:  0    Dex: 12    Spells: 16/26 levels left

rFire   . . .      SeeInvis .      - Unarmed
rCold   + + +      Faith    .    (shield currently unavailable)
rNeg    . . .      Spirit   .    (body armour currently unavailable)
rPois   +          Reflect  .    (helmet currently unavailable)
rElec   +          Harm     .    (cloak currently unavailable)
rCorr   +          Rampage  .    (gloves currently unavailable)
Will    .....                    (boots currently unavailable)
Stlth   +++                      (no amulet)
HPRegen 0.34/turn                d - ring of protection from cold
MPRegen 0.18/turn                t - +4 ring of slaying

@: mighty, ice-form, resistant, wereblooded, hasted, heavily drained, very quick
A: freezing attack, amphibious, boosted hp, large, (fangs 1), strong nose,
distributed training
a: End Transformation, Renounce Religion, Potion Petition, Call Merchant, Bribe
Branch


You were on level 11 of the Dungeon.
You worshipped Gozag.
Gozag was most pleased with you.
You were a creature of crystalline ice.
You visited 2 branches of the dungeon, and saw 12 of its levels.
You also visited: Sewer and Ossuary.

You collected 2475 gold pieces.
You paid 686 gold pieces to Gozag.

Inventory:

Hand Weapons
 h - a +0 dagger
 w - a +3 hammer of draining (melded)
 L - the +5 spear of Sag Yrou {holy, rC+ Will+ Int+2}
   (You found it on level 6 of the Dungeon)

   It has been blessed by the Shining One to cause great damage to the undead
   and demons.
   Int:       It affects your intelligence (+2).
   rC:        It protects you from cold.
   Will:      It increases your willpower.
Missiles
 c - 95 stones
 i - 21 poisoned darts
 s - 10 boomerangs
 Q - 2 boomerangs of dispersal
 S - a curare-tipped dart
Armour
 a - a +0 robe (melded)
 o - a +1 pair of gloves (melded)
 q - the +2 plate armour "Paorypre" {rC+ Str+2 Int+3}
   (You found it on level 3 of the Dungeon)

   Str:       It affects your strength (+2).
   Int:       It affects your intelligence (+3).
   rC:        It protects you from cold.
 v - a +0 cloak (melded)
 x - a +0 helmet (melded)
 y - a +0 pair of boots (melded)
 I - a scarf of repulsion
 M - a +1 pair of boots
Jewellery
 d - a ring of protection from cold (left front paw)
 t - a +4 ring of slaying (right front paw)
 z - a ring of resist corrosion
 J - a +6 ring of strength
 R - a ring of ice
Wands
 r - a wand of paralysis (13)
Scrolls
 g - 3 scrolls of fear
 l - a scroll of vulnerability
 p - 2 scrolls of noise
 u - a scroll of poison
 A - 5 scrolls of enchant weapon
 B - 2 scrolls of enchant armour
 C - 3 scrolls of amnesia
 D - 2 scrolls of teleportation {unknown}
 F - 3 scrolls of immolation {unknown}
 G - a scroll of magic mapping {unknown}
 H - a scroll of brand weapon {unknown}
 O - 3 scrolls of identify
 P - a scroll of fog {unknown}
Potions
 b - 6 potions of lignification
 e - 12 potions of curing
 f - 3 potions of invisibility
 j - 2 potions of flight
 k - a potion of attraction
 m - a potion of berserk rage
 n - 3 potions of haste
 E - a potion of might {unknown}
 K - a potion of degeneration {unknown}
 N - a potion of magic {unknown}
 T - a potion of ambrosia {unknown}
 U - a potion of resistance {unknown}
 W - a potion of heal wounds {unknown}
Miscellaneous
 V - a tin of tremorstones (2/2)


   Skills:
 + Level 7.1 Fighting
 + Level 6.5 Short Blades
 + Level 6.5 Long Blades
 + Level 6.5 Axes
 + Level 6.5 Maces & Flails
 + Level 6.5 Polearms
 + Level 6.5 Staves
 + Level 6.5 Ranged Weapons
 + Level 6.5 Throwing
 + Level 6.5 Armour
 + Level 8.1 Dodging
 + Level 6.5 Stealth
 + Level 6.5 Shields
 + Level 9.3 Unarmed Combat
 + Level 8.3 Spellcasting
 + Level 5.4 Conjurations
 + Level 5.4 Hexes
 + Level 5.4 Summonings
 + Level 5.4 Necromancy
 + Level 5.4 Translocations
 + Level 6.7 Transmutations
 + Level 5.4 Fire Magic
 + Level 5.4 Ice Magic
 + Level 5.4 Air Magic
 + Level 5.4 Earth Magic
 + Level 5.4 Poison Magic
 + Level 7.2 Invocations
 + Level 6.5 Evocations


You had 16 spell levels left.
You knew the following spells:

 Your Spells              Type           Power      Damage    Failure   Level
a - Beastly Appendage     Tmut           60%        N/A       1%          1
b - Wereblood             Tmut           30%        N/A       1%          2
c - Spider Form           Tmut/Pois      27%        N/A       2%          3
d - Ice Form              Ice/Tmut       27%        N/A       9%          4

Your spell library contained the following spells:

 Spells                   Type           Power      Damage    Failure   Level
 Necrotise                Necr           100%       1d9       1%          1
 Dazzling Flash           Conj/Hex       50%        N/A       3%          3
 Gell's Gravitas          Tloc           25%        N/A       3%          3
 Inner Flame              Hex/Fire       25%        N/A       3%          3
 Teleport Other           Tloc           25%        N/A       3%          3
 Vampiric Draining        Necr           25%        2d7       3%          3
 Flame Wave               Conj/Fire      25%        2d8       11%         4
 Sticky Flame             Conj/Fire      25%        2d5       11%         4
 Agony                    Necr           25%        N/A       30%         5
 Silence                  Hex/Air        12%        N/A       30%         5
 Dispersal                Tloc           12%        N/A       86%         6
 Haunt                    Necr/Summ      12%        N/A       100%        7
 Infestation              Necr           12%        N/A       100%        8
 Animate Dead             Necr           Unusable   N/A       N/A         4

Dungeon Overview and Level Annotations

Branches:
Dungeon (11/15)            Temple (1/1) D:4            Lair (0/5) D:8
    Orc (0/2) D:9           Sewer (visited)         Ossuary (visited)

Altars:
Ashenzari
Cheibriados
Dithmenos
Elyvilon
Fedhas
Gozag
Hepliaklqana
Kikubaaqudgha
Makhleb
Nemelex Xobeh
Okawaru
Qazlal
Ru
Sif Muna
Trog
Uskayaw
Vehumet
Wu Jian
Xom
Yredelemnul
Zin
The Shining One

Annotations:
D:8 1 runed translucent door
D:10 2 transporters, exclusion: oklob plant, osoart's ghost, journeyman MiFi
D:11 Nergalle


Innate Abilities, Weirdness & Mutations

You are a creature of crystalline ice.
You have a powerful freezing melee attack.
You are amphibious.
Your maximum health is increased.
Your armour is entirely melded.
You are incapable of wielding weapons or throwing items.
((You have very sharp teeth.))
Your uncanny sense of smell can sniff out nearby items.
Your experience applies equally to all skills.


Message History

* * * LOW HITPOINT WARNING * * *
The spectral orc knight hits you with a +1 long sword.
* * * LOW HITPOINT WARNING * * *
You feel drained.
You punch the spectral orc knight! You freeze the spectral orc knight.
The spectral orc knight is heavily damaged.
The spectral orc knight hits you with a +1 long sword.
* * * LOW HITPOINT WARNING * * *
The spectral orc knight closely misses you. [a] - 240 gold - haste [b] - 609 gold - heal wounds, resistance, might and haste [c] - 336 gold - invisibility and might Purchase which effect?
You feel much better.
You feel protected.
You feel very mighty all of a sudden.
You feel yourself speed up.
The spectral orc knight hits you with a +1 long sword!
* * * LOW HITPOINT WARNING * * *
The spectral orc hits you but does no damage.
The spectral orc knight hits you with a +0 battleaxe!
* * * LOW HITPOINT WARNING * * *
The spectral orc knight closely misses you.
You punch the spectral orc knight! You freeze the spectral orc knight.
The spectral orc knight is severely damaged.
The spectral orc knight completely misses you.
The spectral orc knight misses you.
The spectral orc hits you with a +0 hand axe.
* * * LOW HITPOINT WARNING * * *
You feel drained.
You hit the spectral orc knight.
The spectral orc knight is severely damaged.
Nergalle casts a spell at the spectral orc.
The spectral orc seems to speed up.
The spectral orc knight closely misses you.
You hit the spectral orc knight.
The spectral orc knight is severely damaged.
The spectral orc hits you but does no damage.
The spectral orc knight hits you with a +0 battleaxe!
You die...
Your body crumbles into a pile of gold.

#...........................
#......................#####
#..###########......... #..
#........ #. #........
##........ #.........
#'#######......... $
.....ZZYZZ.#######
......Z##### ..^o... #######
... #.. ... #.. .... #..
.... #.. #... #..


You could see Nergalle (fleeing), 2 spectral orcs, a spectral orc warrior
(summoned) and 2 spectral orc knights.

Vanquished Creatures
  An ugly thing (D:10)
  A rime drake (D:8)
  A komodo dragon (D:11)
  A polar bear (D:8)
  A troll (D:9)
  A hornet (D:8)
  Grinder (D:3)
  A shadow (D:11)
  2 wraiths
  2 wyverns (D:9)
  11 yaks
  3 vampire mosquitoes (D:8)
  9 orc warriors
  A sky beast (D:6)
  A black bear (D:7)
  4 ice beasts
  3 ogres
  4 centaurs
  2 phantoms
  2 kobold brigands
  7 bullfrogs
  A necrophage (D:5)
  A scorpion (D:7)
  5 wights (D:9)
  12 killer bees
  3 howler monkeys (D:8)
  3 centaur zombies (Ossuary)
  9 orc priests
  Crazy Yiuf (D:3)
  A hound (D:6)
  A human zombie (Ossuary)
  2 jellies (D:6)
  Jessica (D:3)
  14 orc wizards
  4 iguanas
  2 mummies (Ossuary)
  7 gnolls
  13 adders
  A river rat (D:6)
  A white imp (D:6)
  An ufetubus (D:6)
  3 worms
  5 dart slugs
  59 orcs
  6 endoplasms
  5 giant cockroaches
  4 goblins
  6 hobgoblins
  25 kobolds
  5 quokkas
  6 ball pythons
  9 bats
  8 frilled lizards
  14 hobgoblin zombies (Ossuary)
  A jackal zombie (Ossuary)
  9 kobold zombies (Ossuary)
  9 orc zombies (Ossuary)
  5 rats
321 creatures vanquished.

Vanquished Creatures (others)
  A fungus (D:3)
1 creature vanquished.

Grand Total: 322 creatures vanquished

Notes
Turn   | Place    | Note
-------+----------+-------------------------------------------
     0 | D:1      | themarg the Gnoll Transmuter began the quest for the Orb.
     0 | D:1      | Reached XP level 1. HP: 17/17 MP: 6/6
   388 | D:1      | You fall into a shaft and drop 1 floor!
   400 | D:2      | Reached XP level 2. HP: 23/23 MP: 5/7
   766 | D:2      | Reached skill level 5 in Spellcasting
   766 | D:2      | Reached XP level 3. HP: 26/28 MP: 6/9
   769 | D:2      | Learned a level 2 spell: Wereblood
   773 | D:2      | Learned a level 3 spell: Spider Form
   922 | D:1      | Reached skill level 1 in Invocations
  1553 | D:2      | Reached skill level 1 in Short Blades
  1553 | D:2      | Reached skill level 1 in Long Blades
  1553 | D:2      | Reached skill level 1 in Axes
  1553 | D:2      | Reached skill level 1 in Maces & Flails
  1553 | D:2      | Reached skill level 1 in Polearms
  1553 | D:2      | Reached skill level 1 in Staves
  1553 | D:2      | Reached skill level 1 in Ranged Weapons
  1553 | D:2      | Reached skill level 1 in Throwing
  1553 | D:2      | Reached skill level 1 in Armour
  1553 | D:2      | Reached skill level 1 in Stealth
  1553 | D:2      | Reached skill level 1 in Shields
  1553 | D:2      | Reached skill level 1 in Evocations
  1713 | D:2      | Reached XP level 4. HP: 34/34 MP: 9/11
  1857 | D:3      | Identified the +2 plate armour "Paorypre" {rC+ Str+2 Int+3}
  1926 | D:3      | Reached skill level 1 in Conjurations
  1926 | D:3      | Reached skill level 1 in Hexes
  1926 | D:3      | Reached skill level 1 in Summonings
  1926 | D:3      | Reached skill level 1 in Necromancy
  1926 | D:3      | Reached skill level 1 in Translocations
  1926 | D:3      | Reached skill level 1 in Fire Magic
  1926 | D:3      | Reached skill level 1 in Ice Magic
  1926 | D:3      | Reached skill level 1 in Air Magic
  1926 | D:3      | Reached skill level 1 in Earth Magic
  1926 | D:3      | Reached skill level 1 in Poison Magic
  2157 | D:3      | Noticed Grinder
  2177 | D:3      | Paralysed by Grinder for 3 turns
  2180 | D:3      | Killed Grinder
  2181 | D:3      | Reached skill level 5 in Dodging
  2181 | D:3      | Reached XP level 5. HP: 7/41 MP: 8/12
  2181 | D:3      | Reached XP level 6. HP: 8/47 MP: 9/14
  2365 | D:3      | Noticed Jessica
  2385 | D:3      | Killed Jessica
  3186 | D:3      | Found a runed translucent door.
  3187 | D:3      | Noticed Crazy Yiuf
  3195 | D:3      | Killed Crazy Yiuf
  3462 | D:4      | Reached skill level 7 in Unarmed Combat
  3462 | D:4      | Reached XP level 7. HP: 52/52 MP: 8/15
  3544 | D:4      | Found a staircase to the Ecumenical Temple.
  3558 | Temple   | Entered the Ecumenical Temple
  3762 | Temple   | Became a worshipper of Gozag Ym Sagoz the Greedy
  4806 | D:5      | Entered Level 5 of the Dungeon
  4915 | D:5      | Reached XP level 8. HP: 51/60 MP: 14/16
  4934 | D:5      | Found a stormy altar of Qazlal.
  5295 | D:5      | Found a sacrificial altar of Ru.
  5295 | D:5      | Found a white marble altar of Elyvilon.
  5308 | D:5      | Found a sand-covered staircase.
  5315 | Ossuary  | Entered an ossuary
  6083 | D:6      | Found a glowing drain.
  6087 | Sewer    | Entered a sewer
  6753 | D:6      | Found a sparkling altar of Nemelex Xobeh.
  6799 | D:6      | Found a shimmering blue altar of Sif Muna.
  7005 | D:6      | Reached skill level 5 in Transmutations
  7012 | D:6      | Reached XP level 9. HP: 60/66 MP: 14/18
  7209 | D:6      | Identified the +5 spear of Sag Yrou {holy, rC+ Will+ Int+2}
  7600 | D:7      | Reached skill level 5 in Fighting
  7939 | D:7      | Reached skill level 8 in Unarmed Combat
  8096 | D:7      | Reached skill level 5 in Invocations
  9463 | D:8      | Noticed a rime drake
  9483 | D:8      | Noticed a hornet
  9496 | D:8      | Killed a hornet
  9497 | D:8      | Reached skill level 5 in Short Blades
  9497 | D:8      | Reached skill level 5 in Long Blades
  9497 | D:8      | Reached skill level 5 in Axes
  9497 | D:8      | Reached skill level 5 in Maces & Flails
  9497 | D:8      | Reached skill level 5 in Polearms
  9497 | D:8      | Reached skill level 5 in Staves
  9497 | D:8      | Reached skill level 5 in Ranged Weapons
  9497 | D:8      | Reached skill level 5 in Throwing
  9497 | D:8      | Reached skill level 5 in Armour
  9497 | D:8      | Reached skill level 5 in Stealth
  9497 | D:8      | Reached skill level 5 in Shields
  9497 | D:8      | Reached skill level 5 in Evocations
  9497 | D:8      | Reached XP level 10. HP: 58/76 MP: 18/20
  9841 | D:8      | Learned a level 4 spell: Ice Form
  9897 | D:8      | Found a staircase to the Lair.
 10174 | D:8      | Found a runed translucent door.
 10174 | D:8      | Noticed a sixfirhy
 10300 | D:8      | Found an ancient bone altar of Kikubaaqudgha.
 10893 | D:9      | Found a staircase to the Orcish Mines.
 11020 | D:9      | Reached skill level 9 in Unarmed Combat
 11029 | D:9      | Reached skill level 5 in Conjurations
 11029 | D:9      | Reached skill level 5 in Hexes
 11029 | D:9      | Reached skill level 5 in Summonings
 11029 | D:9      | Reached skill level 5 in Necromancy
 11029 | D:9      | Reached skill level 5 in Translocations
 11029 | D:9      | Reached skill level 5 in Fire Magic
 11029 | D:9      | Reached skill level 5 in Ice Magic
 11029 | D:9      | Reached skill level 5 in Air Magic
 11029 | D:9      | Reached skill level 5 in Earth Magic
 11029 | D:9      | Reached skill level 5 in Poison Magic
 11029 | D:9      | Reached XP level 11. HP: 58/83 MP: 17/22
 11708 | D:10     | Entered Level 10 of the Dungeon
 11860 | D:10     | Noticed an oklob plant
 11864 | D:10     | Noticed osoart's ghost (journeyman MiFi)
 11868 | D:10     | Identified the ring of Ceogh {Ice Will+}
 11868 | D:10     | Noticed an ogre mage
 11875 | D:10     | Found a transporter.
 12312 | D:10     | Noticed a two-headed ogre
 12314 | D:10     | Found a transporter.
 12443 | D:10     | Noticed a white ugly thing
 12501 | D:10     | Killed a white ugly thing
 12732 | D:10     | Found a shimmering altar of Xom.
 13115 | D:11     | Noticed Nergalle
 13128 | D:11     | HP: 4/90 [spectral orc knight/+1 long sword[Nergalle] (6)]
 13132 | D:11     | Slain by a spectral orc knight

Illustrated notes

Levels and vault maps discovered:
D:1:      erik_arrival_orb_chamber, layout_basic, dk_noncrumbling_4
D:2:      layout_loops_cross
D:3:      layout_loops_ring, st_stairs_5, uniq_grinder, uniq_crazy_yiuf_cottage,
          uniq_jessica
D:4:      cheibrodos_pilgrimage, layout_cave_pods, minmay_temple_entry_slanted
D:5:      layout_loops_ring, nicolae_overflow_hidden_temple,
          gammafunk_temple_overflow_elements, chequers_ossuary_entry_cave
D:6:      layout_loops_cross, mainiacjoe_overflow_two_lobes,
          gup_sewer_entry_spiral, chequers_serial_rivers_room_b
D:7:      layout_basic
D:8:      cheibrodos_shockbox, layout_basic, lemuel_doored_altar,
          hellmonk_lair_entry_icy
D:9:      layout_rooms, david_orc_3, serial_bayou_pond_c,
          roderic_serpentine_path
D:10:     layout_loops_ring, tgw_xom, nzn_ghost_randoct
D:11:     layout_irregular_city, uniq_nergalle
Temple:   bh_familiar_temple

Skill      XL: |  1  2  3  4  5  6  7  8  9 10 11 |
---------------+----------------------------------+-----
Spellcasting   | 5 6 7 8 |  8.3
Invocations    | 1 2 3 4 5 6 7 |  7.2
Short Blades   | 1 2 3 5 6 |  6.5
Long Blades    | 1 2 3 5 6 |  6.5
Axes           | 1 2 3 5 6 |  6.5
Maces & Flails | 1 2 3 5 6 |  6.5
Polearms       | 1 2 3 5 6 |  6.5
Staves         | 1 2 3 5 6 |  6.5
Ranged Weapons | 1 2 3 5 6 |  6.5
Throwing       | 1 2 3 5 6 |  6.5
Armour         | 1 2 3 5 6 |  6.5
Stealth        | 1 2 3 5 6 |  6.5
Shields        | 1 2 3 5 6 |  6.5
Evocations     | 1 2 3 5 6 |  6.5
Conjurations   | 1 2 3 4 5 |  5.4
Hexes          | 1 2 3 4 5 |  5.4
Summonings     | 1 2 3 4 5 |  5.4
Necromancy     | 1 2 3 4 5 |  5.4
Translocations | 1 2 3 4 5 |  5.4
Fire Magic     | 1 2 3 4 5 |  5.4
Ice Magic      | 1 2 3 4 5 |  5.4
Air Magic      | 1 2 3 4 5 |  5.4
Earth Magic    | 1 2 3 4 5 |  5.4
Poison Magic   | 1 2 3 4 5 |  5.4
Fighting       | 3 4 5 6 7 |  7.1
Dodging        | 5 6 7 8 |  8.1
Transmutations | 4 5 6 |  6.7
Unarmed Combat | 7 8 9 |  9.3

Action                   |  1- 3 |  4- 6 |  7- 9 | 10-12 || total
-------------------------+-------+-------+-------+-------++-------
Melee: Unarmed           |    14 |    66 |   354 |   325 ||   759
       Kick              |    18 |     6 |       |       ||    24
       Bite              |     6 |     2 |     1 |     1 ||    10
       Dagger            |    79 |    18 |       |       ||    97
       Headbutt          |    14 |     2 |       |       ||    16
       Punch             |     2 |       |     1 |       ||     3
       Mace              |       |       |    16 |     3 ||    19
 Cast: Beastly Appendage |    23 |     3 |       |       ||    26
       Spider Form       |       |    20 |    58 |    25 ||   103
       Wereblood         |       |       |     9 |     4 ||    13
       Ice Form          |       |       |       |     2 ||     2
Invok: Potion Petition   |       |       |       |     1 ||     1
  Use: Scroll            |       |     1 |    14 |     1 ||    16
       Potion            |       |       |     1 |     1 ||     2
 Stab: Sleeping          |     1 |     1 |     7 |       ||     9
       Distracted        |       |       |     2 |     3 ||     5
Armor: Robe              |    16 |     4 |     7 |     2 ||    29
       Skin              |       |     1 |    14 |    15 ||    30
Dodge: Dodged            |    52 |    47 |   302 |   288 ||   689

Table legend: (Time is in decaauts)
 A = Elapsed time spent in this place.
 B = Non-inter-level travel time spent in this place.
 C = Inter-level travel time spent in this place.
 D = Time resting spent in this place.
 E = Time spent auto-exploring this place.
 F = Levels seen in this place.
 G = Mean time per level.
                   A        B        C        D        E       F      G
               +--------+--------+--------+--------+--------+-----+--------+
         Total |  13165 |  12797 |    368 |   1248 |   8482 |  14 |  940.4 |
       Dungeon |  12103 |  11774 |    329 |   1190 |   8123 |  11 | 1100.3 |
        Temple |    217 |    178 |     39 |      0 |    168 |   1 |  217.0 |
         Sewer |    504 |    504 |      0 |     58 |     71 |   1 |  504.0 |
       Ossuary |    340 |    340 |      0 |      0 |    120 |   1 |  340.0 |
               +--------+--------+--------+--------+--------+-----+--------+

Top non-repeatable levels by time:
     D:7: 1921 daAuts
     D:3: 1480 daAuts
     D:9: 1282 daAuts
     D:4: 1243 daAuts
     D:6: 1186 daAuts
    D:10: 1104 daAuts
     D:8: 1027 daAuts
     D:1: 950 daAuts
     D:2: 890 daAuts
     D:5: 775 daAuts
   Sewer: 504 daAuts
 Ossuary: 340 daAuts
    D:11: 241 daAuts
  Temple: 217 daAuts
